 Dungeon Crawl Stone Soup version 0.30-a0-393-g54b8e3be05 (webtiles) character file.

Game seed: 11237818966422574317

24062 Chaicat the Warrior (level 12, 0/119 HPs)
             Began as a Minotaur Fighter on Dec 5, 2022.
             Was an Initiate of Gozag.
             Slain by a reaper
             ... wielding a +0 scythe of freezing
              (3 damage)
             ... in an ice cave.
             The game lasted 00:30:04 (11515 turns).

Chaicat the Warrior (Minotaur Fighter)             Turns: 11515, Time: 00:30:07

Health: 0/119      AC: 19    Str: 23    XL:     12   Next: 77%
Magic:  20/20      EV: 10    Int:  5    God:    Gozag
Gold:   2928       SH: 12    Dex: 16    Spells: 11/11 levels left

rFire   + . .      SeeInvis .    G - +3 war axe (flame)
rCold   + . .      Faith    .    M - +2 kite shield
rNeg    . . .      Spirit   .    I - +0 plate armour {rC+}
rPois   +          Reflect  .    (helmet restricted)
rElec   .          Harm     .    (no cloak)
rCorr   .          Rampage  .    y - +1 pair of gloves {Dex+3}
Will    .....                    (no boots)
Stlth   ..........               j - amulet of regeneration
HPRegen 1.19/turn                t - ring of flight
MPRegen 0.17/turn                p - ring "Liogistra" {rPois rF+ MP+9 EV+4 Stlth+}

@: mighty, flying
A: horns 2, retaliatory headbutt
a: Renounce Religion, Potion Petition, Call Merchant, Bribe Branch


You were in an ice cave.
You worshipped Gozag.
Gozag was most pleased with you.
You visited 1 branch of the dungeon, and saw 13 of its levels.
You visited 1 bazaar.
You also visited: Sewer and Ice Cave.

You collected 3604 gold pieces.
You spent 578 gold pieces at shops.
You paid 98 gold pieces to Gozag.

Inventory:

Hand Weapons
 a - a +1 war axe of venom
 G - a +3 war axe of flaming (weapon)
Missiles
 q - a throwing net (quivered)
Armour
 y - a +1 pair of gloves of dexterity (worn)
 I - a +0 plate armour of cold resistance (worn)
 M - a +2 kite shield (worn)
Jewellery
 b - a +4 ring of protection
 j - an amulet of regeneration (around neck)
 p - the ring "Liogistra" (right hand) {rPois rF+ MP+9 EV+4 Stlth+}
   (You acquired it in a bazaar)

   [ring of evasion]

   EV:        It affects your evasion (+4).
   rF:        It protects you from fire.
   rPois:     It protects you from poison.
   MP:        It affects your magic capacity (+9).
   Stlth:     It makes you more stealthy.
 t - a ring of flight (left hand)
 B - a ring of protection from fire
 H - an amulet of reflection
Wands
 f - a wand of paralysis (3)
 l - a wand of flame (31)
 o - a wand of mindburst (21)
 s - a wand of quicksilver (17)
 F - a wand of polymorph (6)
 K - a wand of digging (3)
Scrolls
 c - a scroll of amnesia
 h - 4 scrolls of teleportation
 k - 3 scrolls of enchant armour
 m - a scroll of summoning
 u - 3 scrolls of fog
 x - a scroll of blinking
 z - 4 scrolls of fear
 D - 5 scrolls of enchant weapon
 E - 5 scrolls of identify
 J - a scroll of poison
 L - a scroll of magic mapping
 O - a scroll of brand weapon
Potions
 d - a potion of brilliance
 e - 4 potions of berserk rage
 g - a potion of haste
 i - 7 potions of heal wounds
 n - 6 potions of curing
 r - 4 potions of lignification
 v - a potion of mutation
 w - 2 potions of resistance
 A - a potion of cancellation
Miscellaneous
 N - a lightning rod (4/4)


   Skills:
 + Level 15.0 Fighting
 + Level 14.8 Axes
 + Level 15.0 Armour
 + Level 6.1 Shields


You had 11 spell levels left.
You didn't know any spells.
Your spell library contained the following spells:

 Spells                   Type           Power      Damage    Failure   Level
 Freeze                   Ice            0%         1d3       100%        1
 Magic Dart               Conj           0%         1d3       100%        1
 Necrotise                Necr           0%         1d4       100%        1
 Slow                     Hex            0%         N/A       100%        1
 Call Imp                 Summ           0%         N/A       100%        2
 Ensorcelled Hibernation  Hex/Ice        0%         N/A       100%        2
 Passwall                 Tmut/Erth      0%         N/A       100%        2
 Searing Ray              Conj           0%         2d4       100%        2
 Confusing Touch          Hex            0%         N/A       100%        3
 Frozen Ramparts          Ice            0%         1d1       100%        3
 Hailstorm                Conj/Ice       0%         3d3       100%        3
 Inner Flame              Hex/Fire       0%         N/A       100%        3
 Mephitic Cloud           Conj/Pois/Air  0%         N/A       100%        3
 Swiftness                Air            0%         N/A       100%        3
 Vampiric Draining        Necr           0%         2d6       100%        3
 Flame Wave               Conj/Fire      0%         2d4       100%        4
 Fulminant Prism          Conj/Hex       0%         3d5       100%        4
 Sticky Flame             Conj/Fire      0%         2d3       100%        4
 Agony                    Necr           0%         N/A       100%        5


Dungeon Overview and Level Annotations

Branches:
Dungeon (13/15)            Temple (0/1) D:6            Lair (0/5) D:10
    Orc (0/2) D:12          Sewer (visited)           IceCv (1/1)
 Vaults: D:13-14

Altars:
Ashenzari
Cheibriados
Dithmenos
Fedhas
Gozag
Hepliaklqana
Makhleb
Nemelex Xobeh
Trog
Vehumet
Xom
The Shining One

Shops:
D:4 (

Annotations:
D:5 1 runed translucent door
D:11 exclusion: orange crystal statue


Innate Abilities, Weirdness & Mutations

You have a pair of horns on your head.
You reflexively headbutt those who attack you in melee.


Message History

You hit the ice devil. You burn the ice devil.
The ice devil hits you but does no damage.
The ice devil hits you. The ice devil freezes you! You resist.
You block the reaper's attack.
You hit the ice devil. You burn the ice devil.
The ice devil is almost dead.
You barely miss the ice devil. You hit the ice devil. You burn the ice devil.
The ice devil is almost dead.
You hit the ice devil but do no damage. You block the ice devil's attack.
The ice devil hits you! The ice devil freezes you! You resist.
You block the reaper's attack.
You are too injured to fight recklessly!
You are too injured to fight recklessly!
You are too injured to fight recklessly!
You feel very mighty all of a sudden.
The ice devil hits you but does no damage.
You block the reaper's attack.
The ice devil hits you but does no damage.
You closely miss the ice devil.
The ice devil is heavily wounded.
You closely miss the ice devil. You block the ice devil's attack.
The reaper hits you from afar with a +0 scythe of freezing!!
* * * LOW HITPOINT WARNING * * *
The reaper freezes you.
* * * LOW HITPOINT WARNING * * *
You block the ice devil's attack.
You feel much better. The ice devil barely misses you. You furiously retaliate!
You headbutt the ice devil!
The reaper shouts, "Die, Chaicat!"
You block the reaper's attack. The ice devil hits you.
The ice devil freezes you! You resist.
You hit the ice devil but do no damage. Your headbutt misses the ice devil.
The ice devil is severely wounded.
You hit the ice devil but do no damage. You block the ice devil's attack.
The reaper hits you from afar with a +0 scythe of freezing!!!
* * * LOW HITPOINT WARNING * * *
The reaper freezes you.
You die...
Your body crumbles into a pile of gold.

#.....## ##......#
#.......###
##..##...#.##
#....#..##..#
#..#.##.#°°# #
##.##..#.#§##§#
#..#.....°4○○○#.)
#........@42.§..}#
#...#...####..#.!#
#...#..... ..# #
#☼..#..... ##
#.○§§###..#
#.☼..§.## #
#..#§☼§..#
#..###§#§... #...
☼.☼#○..


You could see a reaper and 2 ice devils.

Vanquished Creatures
  Fannar (D:11)
  2 two-headed ogres
  5 death yaks
  Urug (D:13)
  A death drake (shapeshifter) (D:10)
  Lodul (D:12)
  The ghost of bigduke15 the Shield-Bearer, a novice MiFi (D:5)
  Pikel (D:6)
  2 cyclopes
  An ugly thing (D:10)
  A manticore (D:10)
  A gargoyle (D:12)
  An unseen horror (D:12)
  A komodo dragon (D:12)
  A kobold demonologist (D:13)
  A freezing wraith (D:11)
  4 ice devils (IceCv)
  2 trolls
  Prince Ribbit (D:6)
  A slime creature (D:10)
  Grinder (D:3)
  3 wyverns
  Eustachio (D:6)
  A dire elephant simulacrum (IceCv)
  31 yaks
  A basilisk (D:12)
  A shadow (D:10)
  6 vampire mosquitoes
  3 steam dragons
  Edmund (D:4)
  A death yak simulacrum (IceCv)
  A harpy simulacrum (IceCv)
  An acid dragon (D:10)
  A water moccasin (D:8)
  4 orc warriors
  4 ice beasts
  6 ogres
  A phantom (D:7)
  6 centaurs
  A lemure (D:6)
  4 kobold brigands
  3 bullfrogs
  A scorpion (D:7)
  A cane toad simulacrum (IceCv)
  5 wights (D:9)
  14 killer bees
  An elephant simulacrum (IceCv)
  7 howler monkeys
  2 electric eels (D:12)
  3 jellies
  2 hounds
  An iron imp (D:5)
  A gnoll bouda (D:4)
  7 orc priests
  5 iguanas
  10 orc wizards
  A spriggan simulacrum (IceCv)
  5 troll simulacra (IceCv)
  7 gnolls (D:4)
  8 adders
  A naga simulacrum (IceCv)
  14 white imps
  5 ufetubi
  A worm (D:5)
  3 dart slugs
  31 orcs
  14 ball pythons
  4 bats
  12 endoplasms
  18 giant cockroaches
  13 goblins
  8 hobgoblins
  3 jackals (D:2)
  8 quokkas
  10 frilled lizards
  23 kobolds
  2 rats
  A spectral kobold (D:7)
364 creatures vanquished.

Vanquished Creatures (collateral kills)
  A kobold (D:4)
1 creature vanquished.

Vanquished Creatures (others)
  5 fungi (D:3)
  25 plants
30 creatures vanquished.

Grand Total: 395 creatures vanquished

Notes
Turn   | Place    | Note
-------+----------+-------------------------------------------
     0 | D:1      | Chaicat the Minotaur Fighter began the quest for the Orb.
     0 | D:1      | Reached XP level 1. HP: 19/19 MP: 0/0
    67 | D:1      | Reached XP level 2. HP: 23/27 MP: 1/1
   478 | D:2      | Reached XP level 3. HP: 33/33 MP: 2/2
   725 | D:2      | Found a blossoming altar of Fedhas.
  1318 | D:3      | Reached XP level 4. HP: 25/41 MP: 3/3
  1398 | D:3      | Noticed Grinder
  1409 | D:3      | Paralysed by Grinder for 4 turns
  1416 | D:3      | Killed Grinder
  1417 | D:3      | Reached skill level 5 in Fighting
  1417 | D:3      | Reached skill level 5 in Armour
  1417 | D:3      | Reached skill level 5 in Shields
  1417 | D:3      | Reached XP level 5. HP: 26/48 MP: 4/4
  1505 | D:3      | Reached XP level 6. HP: 56/56 MP: 5/5
  1745 | D:3      | Found a faded altar of an unknown god.
  2173 | D:4      | Found Ireyneil's Antique Weapon Emporium.
  2311 | D:4      | Reached skill level 5 in Axes
  2562 | D:4      | Found a shadowy altar of Dithmenos.
  2582 | D:4      | Found a bloodstained altar of Trog.
  2585 | D:4      | Found an opulent altar of Gozag.
  2733 | D:4      | Reached XP level 7. HP: 62/62 MP: 6/6
  2800 | D:4      | Noticed Edmund
  2817 | D:4      | Killed Edmund
  2854 | D:4      | Found a burning altar of Makhleb.
  3115 | D:5      | Entered Level 5 of the Dungeon
  3327 | D:5      | Found a snail-covered altar of Cheibriados.
  3570 | D:5      | Found a runed translucent door.
  3571 | D:5      | Noticed bigduke15's ghost (novice MiFi)
  3575 | D:5      | Found a shimmering altar of Xom.
  3581 | D:5      | Reached XP level 8. HP: 49/73 MP: 7/7
  3631 | D:5      | Found a runed translucent door.
  3703 | D:4      | Found a radiant altar of Vehumet.
  3714 | D:4      | Became a worshipper of Gozag Ym Sagoz the Greedy
  3833 | D:6      | Noticed Pikel
  3843 | D:6      | Killed Pikel
  3933 | D:6      | Reached XP level 9. HP: 66/82 MP: 8/8
  3971 | D:6      | Found a broken altar of Ashenzari.
  4040 | D:6      | Found a glowing drain.
  4049 | Sewer    | Entered a sewer
  4419 | D:6      | Found a sparkling altar of Nemelex Xobeh.
  4512 | D:6      | Noticed Prince Ribbit
  4523 | D:6      | Killed Prince Ribbit
  4578 | D:6      | Noticed Eustachio
  4586 | D:6      | Killed Eustachio
  4733 | D:6      | Found a staircase to the Ecumenical Temple.
  5142 | D:7      | Identified the +5 leather armour of the Ant {Rampage rF-
                  | rN+++ Will-}
  5303 | D:7      | Reached skill level 10 in Armour
  5457 | D:7      | Found a hazy altar of Hepliaklqana.
  5595 | D:7      | Reached skill level 10 in Fighting
  6098 | D:5      | Killed bigduke15's ghost
  6099 | D:5      | Reached skill level 10 in Axes
  6234 | D:8      | Reached XP level 10. HP: 78/94 MP: 9/9
  6511 | D:8      | Found a glowing golden altar of the Shining One.
  6849 | D:9      | Identified the +1 leather armour of Understanding {Drain
                  | Will+ Dex+8}
  7875 | D:10     | Entered Level 10 of the Dungeon
  7932 | D:10     | Reached XP level 11. HP: 93/104 MP: 10/10
  8017 | D:10     | Noticed a death yak
  8038 | D:10     | Killed a death yak
  8130 | D:10     | Noticed a death yak
  8130 | D:10     | Noticed a death yak
  8130 | D:10     | Noticed a death yak
  8130 | D:10     | Noticed a death yak
  8195 | D:11     | Noticed an orange crystal statue
  8245 | D:11     | Noticed a two-headed ogre
  8274 | D:11     | Killed a two-headed ogre
  8348 | D:11     | Found a flickering gateway to a bazaar.
  8376 | Bazaar   | Entered a bazaar
  8432 | Bazaar   | Found Gec Sowy's Distillery.
  8443 | Bazaar   | Found Nurphu's Magic Scroll Emporium.
  8463 | Bazaar   | Found Houcuzerch's Magic Scroll Emporium.
  8483 | Bazaar   | Found Secs's Distillery.
  8545 | Bazaar   | Bought a scroll of brand weapon for 104 gold pieces
  8545 | Bazaar   | Bought 2 scrolls of enchant weapon for 165 gold pieces
  8545 | Bazaar   | Identified a scroll of acquirement
  8545 | Bazaar   | Acquired the ring "Liogistra" {rPois rF+ MP+9 EV+4 Stlth+}
  8620 | Bazaar   | Bought a potion of might for 36 gold pieces
  8620 | Bazaar   | Bought a potion of heal wounds for 45 gold pieces
  8648 | Bazaar   | Bought 2 potions of heal wounds for 120 gold pieces
  8648 | Bazaar   | Bought a potion of curing for 36 gold pieces
  8648 | Bazaar   | Bought 2 potions of curing for 72 gold pieces
  9207 | D:12     | Noticed Fannar
  9220 | D:11     | Killed Fannar
  9516 | D:12     | Found a staircase to the Orcish Mines.
  9543 | D:12     | Reached XP level 12. HP: 100/116 MP: 11/11
  9802 | D:12     | Noticed Lodul
  9819 | D:12     | Killed Lodul
  9861 | D:11     | Killed a death yak
  9893 | D:11     | Killed a death yak
  9937 | D:11     | Killed a death yak
  9962 | D:10     | Killed a death yak
 10649 | D:10     | Found a staircase to the Lair.
 10652 | D:10     | Noticed a two-headed ogre
 10660 | D:10     | Killed a two-headed ogre
 11278 | D:13     | Found a frozen archway.
 11283 | D:13     | Noticed Urug
 11310 | D:13     | Killed Urug
 11347 | IceCv    | Entered an ice cave
 11458 | IceCv    | Reached skill level 15 in Fighting
 11458 | IceCv    | Reached skill level 15 in Armour
 11502 | IceCv    | Noticed a reaper
 11515 | IceCv    | HP: 3/119 [reaper/+0 scythe of freezing (36)]
 11515 | IceCv    | Slain by a reaper

Illustrated notes

Levels and vault maps discovered:
D:1:      saegor_arrival_miasma, layout_basic, bh_walls_and_bars
D:2:      layout_basic, serial_corexii_hall, chequers_hall_statues_y,
          corexii_hall_statues_x, basic_altar, chequers_serial_rivers_large_b
D:3:      cheibrodos_greedy_goblins, layout_loops_ring,
          shapermc_ecumenical_altar_ellora, uniq_grinder
D:4:      layout_basic, nicolae_overflow_hidden_temple, serial_shops,
          nicolae_shop_hallway_stairs, uniq_edmund
D:5:      layout_cave_pools, slow_altar_1, xom_teletrap_fun,
          ebering_ghost_sewer_f
D:6:      layout_rooms, kennysheep_little_box,
          nemelex_xobeh_ov_fountains_minmay, temple_hall,
          cheibrodos_sewer_entry_drain, uniq_prince_ribbit1, uniq_pikel,
          uniq_eustachio
D:7:      layout_layer_cave, nicolae_hepliaklqana_monster_ancestors
D:8:      layout_rooms, amcnicky_altar_gilded
D:9:      layout_irregular_city
D:10:     layout_stronghold, dpeg_lair_monsters, minmay_shattered_shrine
D:11:     layout_roguey, serial_shops, bzr_in_the_mist, minmay_statue_bubble
D:12:     layout_rooms, orc_0_dummy, serial_bayou_ford_a, uniq_fannar,
          uniq_lodul
D:13:     layout_small_grid, nicolae_trove_entry_crystal,
          portal_ice_cave_entry_imps, nicolae_shop_self_help, uniq_urug
IceCv:    ice_cave_small_demon

Skill      XL: |  1  2  3  4  5  6  7  8  9 10 11 12 |
---------------+-------------------------------------+-----
Armour         | 4 5 7 8 10 12 13 15 | 15.0
Shields        | 4 5 6 |  6.1
Fighting       | 4 5 7 8 10 12 13 15 | 15.0
Axes           | 3 4 5 6 8 10 11 13 14 | 14.8

Action                   |  1- 3 |  4- 6 |  7- 9 | 10-12 || total
-------------------------+-------+-------+-------+-------++-------
Melee: War axe           |    68 |   130 |   280 |   571 ||  1049
       Headbutt          |    12 |    21 |    55 |   131 ||   219
Evoke: Wand              |       |     1 |       |       ||     1
  Use: Scroll            |     8 |     3 |     7 |    10 ||    28
       Potion            |       |     2 |       |     6 ||     8
 Stab: Distracted        |       |       |     1 |     3 ||     4
Armor: Scale mail        |    44 |     9 |       |       ||    53
       Chain mail        |       |    36 |    97 |   118 ||   251
       Plate armour      |       |       |       |   167 ||   167
Dodge: Dodged            |    36 |    45 |    80 |   196 ||   357
Block: Buckler           |    15 |    39 |    79 |   111 ||   244
       Kite shield       |       |       |       |    55 ||    55

Table legend: (Time is in decaauts)
 A = Elapsed time spent in this place.
 B = Non-inter-level travel time spent in this place.
 C = Inter-level travel time spent in this place.
 D = Time resting spent in this place.
 E = Time spent auto-exploring this place.
 F = Levels seen in this place.
 G = Mean time per level.
                   A        B        C        D        E       F      G
               +--------+--------+--------+--------+--------+-----+--------+
         Total |  11621 |  11042 |    579 |    378 |   7824 |  16 |  726.3 |
       Dungeon |  10802 |  10223 |    579 |    340 |   7439 |  13 |  830.9 |
        Bazaar |    307 |    307 |      0 |     38 |    105 |   1 |  307.0 |
         Sewer |    348 |    348 |      0 |      0 |    189 |   1 |  348.0 |
      Ice Cave |    163 |    163 |      0 |      0 |     91 |   1 |  163.0 |
               +--------+--------+--------+--------+--------+-----+--------+

Top non-repeatable levels by time:
    D:10: 1440 daAuts
     D:7: 1262 daAuts
     D:4: 1149 daAuts
     D:9: 1066 daAuts
    D:11: 979 daAuts
     D:3: 845 daAuts
     D:6: 789 daAuts
     D:2: 780 daAuts
     D:5: 700 daAuts
    D:12: 632 daAuts
     D:8: 600 daAuts
     D:1: 460 daAuts
   Sewer: 348 daAuts
  Bazaar: 307 daAuts
   IceCv: 163 daAuts
